 Dungeon Crawl Stone Soup version 0.29-a0-653-gd47aff6735 (webtiles) character file.

Game seed: 15444872775398249498

9534 zeratav the Marksspriggan (level 11, -12/58 HPs)
             Began as a Spriggan Arcane Marksman on June 21, 2022.
             Was an Initiate of Dithmenos.
             Mangled by a boulder beetle (31 damage)
             ... on level 11 of the Dungeon.
             The game lasted 00:25:29 (12443 turns).

zeratav the Marksspriggan (SpAM)                   Turns: 12443, Time: 00:25:29

Health: -12/58     AC:  2    Str:  6    XL:     11   Next: 24%
Magic:  14/14      EV: 28    Int: 15    God:    Dithmenos [......]
Gold:   724        SH:  0    Dex: 26    Spells: 11/12 levels left

rFire   . . .      SeeInvis +   a - +3 shortbow {bow}
rCold   . . .      Faith    .   (shield currently unavailable)
rNeg    . . .      Spirit   .   b - +0 robe
rPois   .          Reflect  .   (helmet restricted)
rElec   .          Harm     .   (no cloak)
rCorr   .          Rampage  .   (gloves unavailable)
Will    +....                   (boots unavailable)
Stlth   ++++......              (no amulet)
HPRegen 0.19/turn               l - +6 ring of dexterity
MPRegen 0.14/turn               j - ring of flight

@: flying, very quick
A: very small, no large weapons, unfitting armour, see invisible, speed 3
a: Renounce Religion


You were on level 11 of the Dungeon.
You worshipped Dithmenos.
Dithmenos was noncommittal.
You visited 2 branches of the dungeon, and saw 12 of its levels.

You collected 724 gold pieces.


Innate Abilities, Weirdness & Mutations

You are very small and have problems with some larger weapons.
You are too small for most types of armour.
You have supernaturally acute eyesight. (SInv)
You cover ground extremely quickly. (Speed+++)


   Skills:
 + Level 6.8 Fighting
 - Level 16.0 Bows
 - Level 10.0 Dodging
 - Level 5.0 Stealth
 - Level 1.3 Spellcasting
 - Level 3.6 Hexes


You had 11 spell levels left.
You knew the following spells:

 Your Spells              Type           Power      Damage    Failure   Level
a - Slow                  Hex            44%        N/A       5%          1

Your spell library contained the following spells:

 Spells                   Type           Power      Damage    Failure   Level
 Apportation              Tloc           2%         N/A       24%         1
 Necrotize                Necr           4%         1d4       24%         1
 Sandblast                Erth           2%         2d4       24%         1
 Summon Small Mammal      Summ           4%         N/A       24%         1
 Blink                    Tloc           2%         N/A       34%         2
 Passwall                 Tmut/Erth      0%         N/A       34%         2
 Inner Flame              Hex/Fire       6%         N/A       34%         3
 Portal Projectile        Hex/Tloc       12%        N/A       34%         3
 Cause Fear               Hex            5%         N/A       47%         4
 Stone Arrow              Conj/Erth      2%         3d7       56%         3
 Alistair's Intoxication  Tmut/Pois      0%         N/A       100%        5
 Borgnjor's Vile Clutch   Necr/Erth      0%         N/A       100%        5
 Manifold Assault         Tloc           1%         N/A       100%        5
 Eringya's Noxious Bog    Tmut/Pois      0%         N/A       100%        6
 Storm Form               Tmut/Air       0%         N/A       100%        7

Inventory:

Hand Weapons
 a - a +3 shortbow (weapon) {bow}
 y - a +0 shortbow of flaming {bow}
   (You took it off a centaur on level 7 of the Dungeon)
 z - a +3 short sword of freezing {short}
   (You took it off a wight on level 8 of the Dungeon)
 B - a -2 demon whip of venom {mace}
   (You took it off Amaemon on level 8 of the Dungeon)
Armour
 b - a +0 robe (worn)
 A - +0 acid dragon scales
   (You found it on level 8 of the Dungeon)
 G - +0 acid dragon scales
   (You found it on level 11 of the Dungeon)
Jewellery
 h - a ring of wizardry
   (You found it on level 3 of the Dungeon)
 j - a ring of flight (right hand)
   (You found it on level 3 of the Dungeon)
 l - a +6 ring of dexterity (left hand)
   (You found it on level 3 of the Dungeon)
 w - a ring of protection from fire
   (You found it on level 7 of the Dungeon)
 E - a ring of resist corrosion
   (You found it on level 10 of the Dungeon)
Wands
 p - a wand of mindburst (6)
   (You found it on level 4 of the Dungeon)
 q - a wand of flame (23)
   (You took it off an orc wizard on level 5 of the Dungeon)
 r - a wand of charming (11)
   (You took it off Joseph on level 7 of the Dungeon)
 s - a wand of polymorph (10)
   (You took it off a gnoll on level 5 of the Dungeon)
 F - a wand of iceblast (5)
   (You found it on level 11 of the Dungeon)
Scrolls
 c - 2 scrolls of vulnerability {!r!r}
 d - 3 scrolls of teleportation {@r4}
 f - a scroll of fear
 m - 4 scrolls of blinking {!r}
 t - a scroll of summoning
 u - a scroll of immolation {!r!r}
 x - 3 scrolls of amnesia
 C - 4 scrolls of identify {@r1}
Potions
 e - 2 potions of curing {unknown}
 g - 2 potions of brilliance
 i - 3 potions of heal wounds {unknown}
 k - 2 potions of lignification {unknown}
 n - 3 potions of mutation {unknown}
 o - 4 potions of attraction {unknown}
 v - 2 potions of invisibility {unknown}
 D - a potion of ambrosia {unknown}

Dungeon Overview and Level Annotations

Branches:
Dungeon (11/15) Zot: 26774  Temple (1/1) D:6 Zot: 5949    Lair (0/6) D:9
    Orc (0/2) D:9

Altars:
Ashenzari
Cheibriados
Dithmenos
Elyvilon
Fedhas
Gozag
Hepliaklqana
Kikubaaqudgha
Makhleb
Nemelex Xobeh
Okawaru
Qazlal
Ru
Sif Muna
Trog
Uskayaw
Vehumet
Wu Jian
Xom
Yredelemnul
Zin
The Shining One
Beogh

Shops:
D:4 (

Annotations:
D:3 3 runed translucent doors, zhov's ghost, amateur FoHu

#...... #.####. #. #.####.
#.. #....#. ###.. #..#.#.
#...$ #..#.#. #...# #..#.#.
#####...############..#.#[
#8_8#....@............#.#.
#...#...B##########...#.#.
###...#....# #...#.#.
#.##.##....##########...#.#.
#..........##.......#...#.#.
#..........##.......#...#.#.
#..........##.......#...#.#.
+...................'......>
#........°.##.......###.#.##


You could see a boulder beetle.


Message History

The boulder beetle curls into a ball and begins rolling!
MP[-1]
You lost 1 mp, and now have 13/14 mp.
Casting: Slow (safe; 5% risk of failure)
Confirm with . or Enter, or press ? or * to list all spells.
Aiming: Slow (safe; 5% risk of failure)
Press: ? - help, Shift-Dir - straight line, f/p - boulder beetle
Aim: a boulder beetle (rolling, chance to affect: 32%)
The boulder beetle seems to slow down.
HP[+1] MP[-1]
You lost 1 mp, and now have 12/14 mp.
HP[+1] MP[+1]
Your hp is fully restored (58).
Shoot: a) +3 shortbow {bow}
Press: ? - help, Q - select action, (/) - cycle Shift-Dir - straight line, f/p - boulder beetle
Aim: a boulder beetle (rolling, slow, 93% to hit)
You shoot an arrow. The arrow hits the boulder beetle.
Shoot: a) +3 shortbow {bow}
Press: ? - help, Q - select action, (/) - cycle Shift-Dir - straight line, f/p - boulder beetle
Aim: a boulder beetle (lightly wounded, rolling, slow, 93% to hit)
You shoot an arrow.
The arrow hits the boulder beetle but does no damage.
Shoot: a) +3 shortbow {bow}
Press: ? - help, Q - select action, (/) - cycle Shift-Dir - straight line, f/p - boulder beetle
Aim: a boulder beetle (lightly wounded, rolling, slow, 93% to hit)
You shoot an arrow. The arrow hits the boulder beetle.
Shoot: a) +3 shortbow {bow}
Press: ? - help, Q - select action, (/) - cycle Shift-Dir - straight line, f/p - boulder beetle
Aim: a boulder beetle (lightly wounded, rolling, slow, 93% to hit)
You shoot an arrow. The arrow hits the boulder beetle.
MP[+1]
Your mp is fully restored (14).
The boulder beetle stops rolling and uncurls.
The boulder beetle is no longer moving slowly.
The boulder beetle curls into a ball and begins rolling!
Shoot: a) +3 shortbow {bow}
Press: ? - help, Q - select action, (/) - cycle Shift-Dir - straight line, f/p - boulder beetle
Aim: a boulder beetle (lightly wounded, rolling, 93% to hit)
You shoot an arrow. The arrow hits the boulder beetle!
There is a stone staircase leading up here.
Shoot: a) +3 shortbow {bow}
Press: ? - help, Q - select action, (/) - cycle Shift-Dir - straight line, f/p - boulder beetle
Aim: a boulder beetle (lightly wounded, rolling, 93% to hit)
You shoot an arrow.
The arrow hits the boulder beetle but does no damage.
Shoot: a) +3 shortbow {bow}
Press: ? - help, Q - select action, (/) - cycle Shift-Dir - straight line, f/p - boulder beetle
Aim: a boulder beetle (lightly wounded, rolling, 93% to hit)
You shoot an arrow. The arrow hits the boulder beetle.
The boulder beetle barely misses you.
The boulder beetle stops rolling and uncurls.
Shoot: a) +3 shortbow {bow}
Press: ? - help, Q - select action, (/) - cycle Shift-Dir - straight line, f/p - boulder beetle
Aim: a boulder beetle (moderately wounded, 93% to hit)
You shoot an arrow. The arrow hits the boulder beetle.
Shoot: a) +3 shortbow {bow}
Press: ? - help, Q - select action, (/) - cycle Shift-Dir - straight line, f/p - boulder beetle
Aim: a boulder beetle (moderately wounded, 93% to hit)
You shoot an arrow.
The arrow hits the boulder beetle but does no damage.
The boulder beetle bites you!!
Ouch! That really hurt!
* * * LOW HITPOINT WARNING * * *
HP[-31]
You take 31 damage, and now have 27/58 hp.
MASSIVE DAMAGE!! (PAUSE) Shoot: a) +3 shortbow {bow}
Press: ? - help, Q - select action, (/) - cycle Shift-Dir - straight line, f/p - boulder beetle
Aim: a boulder beetle (moderately wounded, 93% to hit)
You shoot an arrow.
The arrow hits the boulder beetle but does no damage.
The boulder beetle completely misses you.
HP[+1] Shoot: a) +3 shortbow {bow}
Press: ? - help, Q - select action, (/) - cycle Shift-Dir - straight line, f/p - boulder beetle
Aim: a boulder beetle (moderately wounded, 93% to hit)
You shoot an arrow.
The arrow hits the boulder beetle but does no damage.
The boulder beetle closely misses you.
Shoot: a) +3 shortbow {bow}
Press: ? - help, Q - select action, (/) - cycle Shift-Dir - straight line, f/p - boulder beetle
Aim: a boulder beetle (moderately wounded, 93% to hit)
You shoot an arrow. The arrow hits the boulder beetle!
Shoot: a) +3 shortbow {bow}
Press: ? - help, Q - select action, (/) - cycle Shift-Dir - straight line, f/p - boulder beetle
Aim: a boulder beetle (moderately wounded, 93% to hit)
You shoot an arrow.
The arrow hits the boulder beetle but does no damage.
The boulder beetle bites you!
* * * LOW HITPOINT WARNING * * *
HP[-9]
You take 9 damage, and now have 19/58 hp.
Shoot: a) +3 shortbow {bow}
Press: ? - help, Q - select action, (/) - cycle Shift-Dir - straight line, f/p - boulder beetle
Aim: a boulder beetle (moderately wounded, 93% to hit)
You shoot an arrow.
The arrow hits the boulder beetle but does no damage.
The boulder beetle bites you!!
Ouch! That really hurt!
You die...

Skill      XL: |  1  2  3  4  5  6  7  8  9 10 11 |
---------------+----------------------------------+-----
Bows           | 3 5 6 7 9 10 13 16 | 16.0
Stealth        | 5 |  5.0
Dodging        | 5 10 | 10.0
Fighting       | 5 6 |  6.8
Spellcasting   | |  1.3
Hexes          | |  3.6

Action                   |  1- 3 |  4- 6 |  7- 9 | 10-12 || total
-------------------------+-------+-------+-------+-------++-------
Melee: Unarmed           |       |       |     1 |       ||     1
 Fire: Shortbow          |    56 |   146 |   296 |   381 ||   879
 Cast: Slow              |     2 |    15 |    20 |     5 ||    42
  Use: Scroll            |       |     4 |     7 |     1 ||    12
Armor: Robe              |     5 |     2 |     3 |     5 ||    15
Dodge: Dodged            |    21 |    17 |    65 |   117 ||   220

Levels and vault maps discovered:
D:1:      dpeg_arrival_pits, layout_loops_ring,
          hellmonk_ecumenical_altar_watching_god
D:2:      layout_rooms
D:3:      layout_basic, biasface_ghost_orc_armoury
D:4:      layout_gridville, serial_shops, kennysheep_little_box,
          hangedman_abyss_or_decor_passed, chequers_mini_garden,
          minmay_liquid_box, hangedman_decor_push, uniq_duvessa
D:5:      layout_layer_cave, nicolae_vehumet_altar_sigil,
          mainiacjoe_overflow_tiny_flanked, uniq_grinder
D:6:      layout_loops_ring, kennysheep_mini_moat, mainiacjoe_overflow_chevrons,
          minmay_temple_entry_statues_pillars, st_stairs_1,
          minmay_fractal_squares_gapless_5
D:7:      layout_cave_pods, nicolae_overflow_crystal_walls, grunt_ministairs_6,
          uniq_menkaure, uniq_joseph
D:8:      layout_basic, kennysheep_generic_room_13, uniq_psyche, uniq_amaemon
D:9:      layout_grid_maze, grunt_temple_overflow_open,
          chequers_temple_overflow_statue_of_worship, david_lair_shrubbed,
          orc_0_dummy, hive_lemuel
D:10:     layout_roguey, kennysheep_slug_shrine,
          pdpol_wu_jian_five_deadly_venoms, uniq_harold, uniq_nergalle
D:11:     nzn_winding_woodlands_cross [nzn_winding_woodlands_5x15_concentric,
          nzn_winding_woodlands_5x15_pathside_ponds,
          nzn_winding_woodlands_5x15_parted, nzn_winding_woodlands_5x15_zeroes,
          nzn_winding_woodlands_15x15_eel_pit], layout_basic,
          grunt_gozag_breadcrumbs
Temple:   dpeg_three_leaves_temple

Notes
Turn   | Place    | Note
-------+----------+-------------------------------------------
     0 | D:1      | zeratav the Spriggan Arcane Marksman began the quest for
                  | the Orb.
     0 | D:1      | Reached XP level 1. HP: 9/9 MP: 3/3
     0 | D:1      | magus.rc [v1.9.6]
    73 | D:1      | Reached skill level 3 in Bows
   145 | D:1      | Noticed a golden eye
   155 | D:1      | Reached XP level 2. HP: 14/14 MP: 5/5
   433 | D:1      | Found a faded altar of an unknown god.
   433 | D:1      | Noticed an eye of devastation
   435 | D:1      | Noticed a great orb of eyes
   435 | D:1      | Noticed an eye of devastation
   778 | D:2      | Reached skill level 4 in Bows
   810 | D:2      | You fall into a shaft and drop 2 floors!
   894 | D:4      | You add the spells Alistair's Intoxication, Borgnjor's Vile
                  | Clutch and Eringya's Noxious Bog to your library.
   896 | D:4      | Noticed a scorpion
   948 | D:4      | HP: 3/14 [poisoned by a scorpion]
   954 | D:4      | Killed a scorpion
   955 | D:4      | Reached skill level 5 in Bows
   955 | D:4      | Reached XP level 3. HP: 3/17 MP: 6/6
   955 | D:4      | Reached XP level 4. HP: 4/21 MP: 7/7
  1204 | D:4      | Noticed an ice beast
  1305 | D:4      | Killed an ice beast
  1306 | D:4      | Reached skill level 6 in Bows
  1306 | D:4      | Reached XP level 5. HP: 25/25 MP: 8/8
  1660 | D:3      | Reached skill level 7 in Bows
  1872 | D:3      | You pick up a book of Cantrips and begin reading...
  1872 | D:3      | You add the spells Necrotize, Summon Small Mammal and
                  | Apportation to your library.
  1983 | D:3      | Found a runed translucent gate.
  1984 | D:3      | Found a runed translucent gate.
  1984 | D:3      | Identified the +9 mace "Zohianeg" {drain, rN+ Will+ Str+4}
  1984 | D:3      | Identified the +1 scale mail "Jitum" {rCorr Str+3 Slay-5}
  1984 | D:3      | Noticed zhov's ghost (amateur FoHu)
  1985 | D:3      | Found a runed translucent gate.
  2984 | D:4      | Reached XP level 6. HP: 29/29 MP: 7/9
  3000 | D:4      | Found Aduoguist's Weapon Shop.
  3027 | D:4      | Noticed Dowan
  3029 | D:4      | Noticed Duvessa
  3071 | D:4      | Killed Duvessa
  3072 | D:4      | Reached skill level 8 in Bows
  3336 | D:4      | Killed Dowan
  3481 | D:5      | Entered Level 5 of the Dungeon
  3481 | D:5      | Noticed a water moccasin
  3685 | D:4      | Killed a water moccasin
  3686 | D:4      | Reached skill level 9 in Bows
  3686 | D:4      | Reached XP level 7. HP: 21/32 MP: 10/10
  3873 | D:5      | HP: 2/32 [centaur/arrow (9)]
  4181 | D:5      | Reached skill level 10 in Bows
  4181 | D:5      | Reached skill level 3 in Stealth
  4342 | D:5      | Found a radiant altar of Vehumet.
  4360 | D:5      | Reached skill level 4 in Stealth
  4622 | D:5      | Noticed Grinder
  4632 | D:5      | Killed Grinder
  4633 | D:5      | Reached skill level 5 in Stealth
  4643 | D:5      | Reached XP level 8. HP: 32/37 MP: 9/11
  4811 | D:5      | Noticed a two-headed ogre
  4906 | D:5      | Killed a two-headed ogre
  4907 | D:5      | Reached skill level 12 in Bows
  4981 | D:5      | Found an iron altar of Okawaru.
  4996 | D:5      | You add the spells Blink, Manifold Assault and Storm Form
                  | to your library.
  5128 | D:5      | Reached skill level 13 in Bows
  5534 | D:6      | Reached XP level 9. HP: 40/40 MP: 12/12
  5704 | D:6      | Found an ancient bone altar of Kikubaaqudgha.
  6014 | D:6      | Found a stormy altar of Qazlal.
  6020 | D:6      | Reached skill level 14 in Bows
  6224 | D:6      | Found a staircase to the Ecumenical Temple.
  6230 | Temple   | Entered the Ecumenical Temple
  6765 | D:7      | Noticed Joseph
  6896 | D:7      | Killed Joseph
  6897 | D:7      | Reached skill level 15 in Bows
  7530 | D:7      | Found a shimmering blue altar of Sif Muna.
  7672 | D:7      | Noticed Menkaure
  7682 | D:7      | Killed Menkaure
  7683 | D:7      | Reached skill level 16 in Bows
  7683 | D:7      | Reached skill level 3 in Dodging
  7891 | D:8      | Noticed Psyche
  7900 | D:8      | Killed Psyche
  7901 | D:8      | Reached skill level 4 in Dodging
  8283 | D:8      | Reached skill level 5 in Dodging
  8283 | D:8      | Reached XP level 10. HP: 44/44 MP: 13/13
  8555 | D:8      | Reached skill level 6 in Dodging
  9075 | D:8      | Reached skill level 7 in Dodging
  9437 | D:8      | Noticed Amaemon
  9437 | D:8      | Noticed an orange demon
  9459 | D:8      | Killed an orange demon
  9460 | D:8      | Reached skill level 8 in Dodging
  9567 | D:8      | Killed Amaemon
  9568 | D:8      | Reached skill level 9 in Dodging
  9888 | D:9      | Reached skill level 10 in Dodging
  9978 | D:9      | Found a burning altar of Makhleb.
  9980 | D:9      | Found a sacrificial altar of Ru.
 10085 | D:9      | Found a staircase to the Lair.
 10126 | D:9      | Reached skill level 1 in Fighting
 10164 | D:9      | Reached skill level 2 in Fighting
 10329 | D:9      | Found a shadowy altar of Dithmenos.
 10329 | D:9      | Found a basalt altar of Yredelemnul.
 10333 | D:9      | Found a blossoming altar of Fedhas.
 10333 | D:9      | Found a hide-covered altar of Uskayaw.
 10337 | D:9      | Became a worshipper of Dithmenos the Shadowed
 10390 | D:9      | Found a staircase to the Orcish Mines.
 10430 | D:9      | Reached skill level 3 in Fighting
 10725 | D:10     | Entered Level 10 of the Dungeon
 11067 | D:10     | You pick up a book of Geomancy and begin reading...
 11067 | D:10     | You add the spells Sandblast, Passwall and Stone Arrow to
                  | your library.
 11125 | D:10     | Reached skill level 4 in Fighting
 11278 | D:10     | Found an ornate altar of the Wu Jian Council.
 11307 | D:10     | Noticed Harold
 11307 | D:10     | Noticed Nergalle
 11408 | D:10     | Killed Harold
 11409 | D:10     | Reached skill level 5 in Fighting
 11417 | D:10     | HP: 9/51 [unseen horror (7)]
 11421 | D:10     | Reached XP level 11. HP: 10/56 MP: 14/14
 11736 | D:10     | Found a snail-covered altar of Cheibriados.
 11993 | D:10     | Killed Nergalle
 12123 | D:11     | Reached skill level 6 in Fighting
 12220 | D:11     | Found an opulent altar of Gozag.
 12386 | D:11     | Noticed a boulder beetle
 12443 | D:11     | Mangled by a boulder beetle

Vanquished Creatures
  Harold (D:10)
  A two-headed ogre (D:5)
  Nergalle (D:10)
  Amaemon (D:8)
  A cyclops (D:11)
  Joseph (D:7)
  An orange demon (D:8)
  Psyche (D:8)
  2 unseen horrors
  A komodo dragon (D:9)
  2 trolls
  Grinder (D:5)
  A wraith (D:9)
  A wyvern (D:9)
  A vampire mosquito (D:11)
  A steam dragon (D:8)
  Menkaure (D:7)
  2 acid dragons
  A water moccasin (D:4)
  Duvessa (D:4)
  3 orc warriors
  2 sky beasts (D:7)
  2 ice beasts
  3 centaurs
  4 kobold brigands
  3 bullfrogs
  5 scorpions
  3 necrophages
  13 wights
  6 killer bees
  Dowan (D:4)
  A howler monkey (D:6)
  2 hounds
  3 jellies
  A gnoll shaman (D:5)
  2 orc priests (D:10)
  5 iguanas
  7 orc wizards
  3 gnolls (D:5)
  2 adders
  A white imp (D:6)
  4 ufetubi
  A worm (D:2)
  2 dart slugs
  23 orcs
  3 endoplasms
  2 giant cockroaches
  2 goblins
  5 hobgoblins
  4 jackals
  A quokka (D:1)
  5 ball pythons
  8 bats
  A frilled lizard (D:1)
  21 kobolds
  5 rats
182 creatures vanquished.

Vanquished Creatures (others)
  7 plants
7 creatures vanquished.

Grand Total: 189 creatures vanquished

Table legend:
 A = Non-vault XP
 B = Vault XP
 C = Vault XP percentage of total XP
 D = Non-vault monster count
 E = Vault monster count
 F = Vault count percentage of total count
                 A         B        C        D         E       F
            +---------+---------+-------+---------+---------+-------
      Total |    8175 |    5445 |  40.0 |     159 |      23 |  12.6
            +---------+---------+-------+---------+---------+-------
        D:1 |      22 |       0 |   0.0 |      12 |       0 |   0.0
        D:2 |      25 |       0 |   0.0 |      14 |       0 |   0.0
        D:3 |      31 |       0 |   0.0 |      12 |       0 |   0.0
        D:4 |     515 |     216 |  29.5 |      13 |       2 |  13.3
        D:5 |    1437 |     277 |  16.2 |      21 |       1 |   4.5
        D:6 |     613 |     461 |  42.9 |      12 |       7 |  36.8
        D:7 |     681 |     703 |  50.8 |      12 |       4 |  25.0
        D:8 |    1349 |    1616 |  54.5 |      31 |       4 |  11.4
        D:9 |    1157 |     333 |  22.3 |      20 |       1 |   4.8
       D:10 |     982 |    1651 |  62.7 |       8 |       3 |  27.3
       D:11 |    1363 |     188 |  12.1 |       4 |       1 |  20.0
            +---------+---------+-------+---------+---------+-------

Illustrated notes

Table legend:
 A = Kills in this place as a percentage of kills in entire the game.
 B = Kills by you in this place as a percentage of kills by you in the entire game.
 C = Kills by friends in this place as a percentage of kills by friends in the entire game.
 D = Other kills in this place as a percentage of other kills in the entire game.
 E = Experience gained in this place as a percentage of experience gained in the entire game.
 F = Experience gained in this place divided by the number of levels of this place that you have seen.
                   A       B       C       D       E      F
               +-------+-------+-------+-------+-------+----------------------
         Total | 100.0 | 100.0 |   N/A |   N/A | 100.0 | 1135.0
       Dungeon | 100.0 | 100.0 |   N/A |   N/A | 100.0 | 1238.2
               +-------+-------+-------+-------+-------+----------------------

Table legend: (Time is in decaauts)
 A = Elapsed time spent in this place.
 B = Non-inter-level travel time spent in this place.
 C = Inter-level travel time spent in this place.
 D = Time resting spent in this place.
 E = Time spent auto-exploring this place.
 F = Levels seen in this place.
 G = Mean time per level.
                   A        B        C        D        E       F      G
               +--------+--------+--------+--------+--------+-----+--------+
         Total |   9273 |   8896 |    377 |   2391 |   4731 |  12 |  772.8 |
       Dungeon |   9223 |   8856 |    367 |   2391 |   4695 |  11 |  838.5 |
        Temple |     50 |     40 |     10 |      0 |     36 |   1 |   50.0 |
               +--------+--------+--------+--------+--------+-----+--------+

Top non-repeatable levels by time:
     D:4: 1592 daAuts
     D:7: 1481 daAuts
     D:8: 1301 daAuts
     D:9: 1067 daAuts
     D:5: 1029 daAuts
     D:3: 644 daAuts
     D:6: 600 daAuts
    D:10: 574 daAuts
     D:1: 397 daAuts
     D:2: 309 daAuts
    D:11: 224 daAuts
  Temple: 50 daAuts
